 Dungeon Crawl Stone Soup version 0.31-a0-523-g071a6c1ffa (webtiles) character file.

Game seed: 11212889358839924559

770 MisterAzrael the Cleaver (level 7, -7/58 HPs)
             Began as a Hill Orc Fighter on Aug 11, 2023.
             Was an Initiate of Beogh.
             Mangled by an ogre
             ... wielding a +0 giant club
              (15 damage)
             ... on level 4 of the Dungeon.
             The game lasted 00:03:44 (2814 turns).

MisterAzrael the Cleaver (Hill Orc Fighter)         Turns: 2814, Time: 00:03:45

Health: -7/58      AC: 16    Str: 21    XL:     7   Next: 82%
Magic:  7/7        EV:  9    Int:  8    God:    Beogh [......]
Gold:   285        SH:  4    Dex: 10    Spells: 6/6 levels left

rFire   . . .        a - +0 war axe
rCold   . . .        c - +0 buckler
rNeg    . . .        b - +0 scale mail
rPois   .            w - +0 helmet
rElec   .            (no cloak)
rCorr   .            (no gloves)
SInv    .            (no boots)
Will    .....        (no amulet) Stlth
                     f - +4 ring of protection
HPRegen 0.29/turn    u - +4 ring of protection
MPRegen 0.10/turn

%: no passive effects
@: no status effects
A: no striking features
a: Renounce Religion


You were on level 4 of the Dungeon.
You worshipped Beogh.
Beogh was noncommittal.
You visited 1 branch of the dungeon, and saw 5 of its levels.

You collected 285 gold pieces.

Inventory:

Hand Weapons
 a - a +0 war axe (weapon)
 y - the +1 sling of the Dead {flame, Str-2 Int+7}
   (You found it on level 4 of the Dungeon)

   Str-2:     It affects your strength (-2).
   Int+7:     It affects your intelligence (+7).
Missiles
 r - 14 poisoned darts
Armour
 b - a +0 scale mail (worn)
 c - a +0 buckler (worn)
 m - a scarf of invisibility
 w - a +0 helmet (worn)
Jewellery
 f - a +4 ring of protection (left hand)
 n - an amulet of guardian spirit
 o - an amulet of magic regeneration
 t - an amulet of faith
 u - a +4 ring of protection (right hand)
 v - a ring of poison resistance
Scrolls
 d - a scroll of teleportation {unknown}
 e - 6 scrolls of identify {unknown}
 g - 3 scrolls of enchant weapon {unknown}
 j - 2 scrolls of vulnerability {unknown}
 p - 2 scrolls of fear {unknown}
 s - a scroll of blinking {unknown}
 x - a scroll of torment {unknown}
 z - a scroll of enchant armour {unknown}
Potions
 h - 2 potions of curing {unknown}
 i - 2 potions of attraction {unknown}
 k - a potion of ambrosia {unknown}
 l - 2 potions of heal wounds {unknown}
 q - a potion of brilliance {unknown}


   Skills:
 + Level 3.7 Fighting
 + Level 11.0 Axes
 + Level 0.3 Throwing
 + Level 3.3 Armour
 - Level 3.2 Shields
 * Level 1.1 Invocations


You had 6 spell levels left.
You didn't know any spells.
Your spell library was empty.

Dungeon Overview and Level Annotations

Branches:
Dungeon (5/15)
 Temple: D:4-7

Altars:
Gozag
Nemelex Xobeh

Shops:
D:3 *


Message History

The orc attacks as you move away! The orc hits you but does no damage.
You closely miss the orc.
Something tries to affect you, but you resist.
The orc hits you but does no damage. The orc closely misses you.
The orc attacks as you move away! The orc hits you but does no damage.
A magic dart appears from out of thin air!
The magic dart hits you but does no damage.
You hit the orc.
The orc is heavily wounded.
The orc shouts, "For a messiah, you look rather miserable."
The orc barely misses you.
Okay, then.
You hit the orc.
The orc is severely wounded.
The orc barely misses you.
You slash the orc!
You kill the orc!
Beogh accepts your kill.
You barely miss the ogre. You block the ogre's attack.
You closely miss the ogre. You hit the ogre.
The ogre is lightly wounded.
The ogre hits you with a +0 giant club!
You barely miss the ogre.
The ogre is lightly wounded.
The ogre hits you with a +0 giant club!
You completely miss the ogre.
The ogre is lightly wounded.
You block the ogre's attack. The ogre attacks as you move away!
The ogre hits you with a +0 giant club. The ogre attacks as you move away!
The ogre hits you with a +0 giant club!
There is a stone staircase leading up here.
The ogre hits you with a +0 giant club!
* * * LOW HITPOINT WARNING * * *
You climb upwards.
Reactivating autopickup.
There is a stone staircase leading down here.
The ogre attacks as you move away! The ogre hits you with a +0 giant club!
You die...

##.#.##### #.##.#########.# #
##.#.....# #.##...........# #
##.#####.# #....#########.# #
...# #.# ####.# ###.# # #### #.#
#.# ####...##### #.# #>#
#........##. #.# #.# #.##.....##.
########.########O#
##.##..รท..##.
................@.# #..#.......##
########.########## #..##<....##
#.# #..###....# #.# #.........###
#.# #.#####.#.... #.# #.# #.#....
########.# #.# #...... #........#
#.# #.#....
#.###########################>...


You could see an ogre.

Vanquished Creatures
  Pikel (D:4)
  Menkaure (D:4)
  A scorpion (D:5)
  A sleepcap (D:4)
  Robin (D:2)
  4 adders
  3 worms
  9 orcs
  5 ball pythons
  3 endoplasms
  4 giant cockroaches
  11 goblins
  6 hobgoblins
  6 kobolds
  3 quokkas
  3 bats
  3 frilled lizards
  4 rats
69 creatures vanquished.

Vanquished Creatures (others)
  An orc (D:4)
1 creature vanquished.

Grand Total: 70 creatures vanquished

Notes
Turn   | Place    | Note
-------+----------+-------------------------------------------
     0 | D:1      | MisterAzrael the Hill Orc Fighter began the quest for the
                  | Orb.
     0 | D:1      | Reached XP level 1. HP: 19/19 MP: 1/1
    17 | D:1      | Reached skill level 3 in Axes
    92 | D:1      | Reached XP level 2. HP: 26/26 MP: 2/2
   137 | D:1      | Found a faded altar of an unknown god.
   196 | D:1      | Reached skill level 4 in Axes
   515 | D:2      | Noticed Robin
   521 | D:2      | Reached XP level 3. HP: 30/31 MP: 3/3
   531 | D:2      | Killed Robin
   532 | D:2      | Reached skill level 5 in Axes
   729 | D:2      | Reached XP level 4. HP: 29/39 MP: 4/4
   999 | D:3      | Found Peulata's Assorted Antiques.
  1074 | D:3      | Reached skill level 6 in Axes
  1832 | D:4      | Reached skill level 7 in Axes
  1832 | D:4      | Reached XP level 5. HP: 45/45 MP: 5/5
  1880 | D:4      | Found a sparkling altar of Nemelex Xobeh.
  1880 | D:4      | Found an opulent altar of Gozag.
  1880 | D:4      | Noticed Pikel
  1880 | D:4      | Noticed a lemure
  1880 | D:4      | Noticed a lemure
  1880 | D:4      | Noticed a lemure
  1880 | D:4      | Noticed a lemure
  1889 | D:4      | Killed Pikel
  1890 | D:4      | Reached skill level 10 in Axes
  1890 | D:4      | Reached XP level 6. HP: 31/51 MP: 6/6
  1890 | D:4      | Reached XP level 7. HP: 34/57 MP: 7/7
  2247 | D:4      | Noticed Menkaure
  2256 | D:4      | Killed Menkaure
  2257 | D:4      | Reached skill level 11 in Axes
  2353 | D:4      | Identified the +1 sling of the Dead {flame, Str-2 Int+7}
  2578 | D:4      | Became a worshipper of Beogh the Brigand
  2685 | D:5      | Entered Level 5 of the Dungeon
  2780 | D:5      | Reached skill level 1 in Invocations
  2814 | D:4      | Mangled by an ogre

Illustrated notes

Levels and vault maps discovered:
D:1:      dpeg_arrival_rooms_b, layout_rooms,
          chequers_ecumenical_altar_simple_redux
D:2:      layout_loops_ring, uniq_robin
D:3:      layout_loops_ring, serial_shops, nicolae_shop_getting_attention
D:4:      layout_loops_ring, grunt_temple_overflow_opulence, fountainhead,
          uniq_pikel, uniq_menkaure
D:5:      layout_loops_ring, chequers_temple_overflow_minitemple,
          minmay_temple_entry_purple_smoke,
          lightli_ossuary_entry_decrepit_ruins, serial_shops, nicolae_shop_stone

Skill      XL: |  1  2  3  4  5  6  7 |
---------------+----------------------+-----
Axes           | 3 4 5 7 10 11 | 11.0
Invocations    | 1 |  1.1
Fighting       | |  3.7
Throwing       | |  0.3
Armour         | |  3.3
Shields        | |  3.2

Action                     |  1- 3 |  4- 6 |  7- 9 || total
---------------------------+-------+-------+-------++-------
  Melee: War axe           |    84 |    84 |    35 ||   203
 Invoke: Convert to Beogh  |       |       |     1 ||     1
    Use: Potion            |     1 |       |       ||     1
 Armour: Scale mail        |    44 |    39 |    14 ||    97
  Dodge: Dodged            |    40 |    36 |    12 ||    88
  Block: Buckler           |    26 |    23 |     8 ||    57

Table legend: (Time is in decaauts)
 A = Elapsed time spent in this place.
 B = Non-inter-level travel time spent in this place.
 C = Inter-level travel time spent in this place.
 D = Time resting spent in this place.
 E = Time spent auto-exploring this place.
 F = Levels seen in this place.
 G = Mean time per level.
                   A        B        C        D        E       F      G
               +--------+--------+--------+--------+--------+-----+--------+
         Total |   2859 |   2629 |    230 |     75 |   1998 |   5 |  571.8 |
       Dungeon |   2859 |   2629 |    230 |     75 |   1998 |   5 |  571.8 |
               +--------+--------+--------+--------+--------+-----+--------+

Top non-repeatable levels by time:
     D:3: 855 daAuts
     D:4: 780 daAuts
     D:2: 711 daAuts
     D:1: 387 daAuts
     D:5: 123 daAuts
